 Dungeon Crawl Stone Soup version 0.21.2-1-g0862bd23eb (webtiles) character file.

105 Zunyi the Poker (level 4, -4/35 HPs)
             Began as a Demonspawn Chaos Knight on Dec 26, 2019.
             Slain by a gnoll
             ... wielding a +0 flail
              (12 damage)
             ... on level 3 of the Dungeon.
             The game lasted 00:02:47 (2475 turns).

Zunyi the Poker (Demonspawn Chaos Knight)           Turns: 2475, Time: 00:02:47

Health: -4/35      AC:  5    Str: 13    XL:     4   Next: 53%
Magic:  4/4        EV: 12    Int: 19    God:    Xom [...*..]
Gold:   102        SH:  4    Dex: 12    Spells: 3/3 levels left

rFire    . . .     SeeInvis .   a - +0 spear (chaos)
rCold    . . .     Gourm    .   (no shield)
rNeg     . . .     Faith    .   b - +2 leather armour
rPois    .         Spirit   .   (helmet restricted)
rElec    .         Reflect  .   (no cloak)
rCorr    .         Harm     .   (no gloves)
MR       .....                  (no boots)
Stlth    +.........             (no amulet)
HPRegen  0.11/turn              (no ring)
MPRegen  0.09/turn              (no ring)

@: brilliant, lethally poisoned (-4 -> -7), berserk cooldown, slowed, very slow
A: horns 1, talons 1, large bone plates 1, demonic guardian 1, spiny 1
a: Renounce Religion


You were on level 3 of the Dungeon.
You worshipped Xom.
You were a favourite toy of Xom.
You were very hungry.

You visited 1 branch of the dungeon, and saw 3 of its levels.

You collected 102 gold pieces.

Inventory:

Hand Weapons
 a - a +0 spear of chaos (weapon)
Missiles
 h - 66 stones (quivered)
 o - 21 sling bullets
Armour
 b - a +2 leather armour (worn)
Scrolls
 d - 2 scrolls of teleportation {unknown}
 e - 8 scrolls of identify {unknown}
 f - a scroll of amnesia {unknown}
 j - 3 scrolls of remove curse {unknown}
 n - a scroll of random uselessness {unknown}
Potions
 g - a potion of brilliance
 l - 2 potions of curing {unknown}
 m - a potion of lignification {unknown}
Comestibles
 c - 8 rations


   Skills:
 - Level 3.0 Fighting
 + Level 3.9 Polearms
 - Level 1.7 Armour
 + Level 2.8 Dodging


You had 3 spell levels left.
You didn't know any spells.

Dungeon Overview and Level Annotations

Branches:
Dungeon (3/15)

Altars:
Xom


Innate Abilities, Weirdness & Mutations

A weak demonic guardian rushes to your aid.
You are partially covered in sharp spines.
You have a pair of small horns on your head.
You have sharp toenails.
You are partially covered in large bone plates. (SH +4)


Message History

The gnoll is severely wounded.
You feel sick.
Attack whom?
Press: ? - help, Dir - move target cursor, f/p - gnoll
Aim: a gnoll, wielding a halberd (severely wounded)
You reach to attack!
You hit the gnoll. You freeze the gnoll.
You kill the gnoll!
Attack whom?
Press: ? - help, Dir - move target cursor You attack empty space.
You feel your anger nearly subside.
You are no longer berserk.
You pass out from exhaustion.
You feel yourself slow down.
You feel sick.
You can move again.
You hit the gnoll but do no damage. You block the gnoll's attack.
You closely miss the gnoll. You claw the gnoll.
The gnoll is lightly wounded.
You feel sick. The gnoll hits you with a flail!
You die...

###.# #..........#.# # #...#
#..........#.# #
###.###..........#.# #
#.............##.# #
###########.######.####.##.#####
#...............................
#.##...###########.#....###.####
#...###########.#....# #.# #
#...'....))g@5..#....# #.# #
#.).####.########....# #.# #
##### #(# #...## #.# #
.......5...g.# #...# #.## #
.............# #...# #..# #
..........Kg.# #...# ##.# #
..........g..# #...# #.###
.............# #...# #..##
.............# #...######.##


You could see a gnoll and a friendly iron imp.

Vanquished Creatures
  A jelly (D:2)
  Terence (D:2)
  2 gnolls (D:3)
  An adder (D:2)
  A worm (D:3)
  2 dart slugs
  2 leopard geckos
  3 bats
  3 giant cockroaches
  2 goblins
  2 hobgoblins (D:1)
  A quokka (D:3)
  4 frilled lizards
  7 kobolds
32 creatures vanquished.

Notes
Turn   | Place    | Note
-------+----------+-------------------------------------------
     0 | D:1      | Zunyi the Demonspawn Chaos Knight began the quest for the Orb.
     0 | D:1      | Reached XP level 1. HP: 18/18 MP: 1/1
   105 | D:1      | Reached skill level 1 in Dodging
   132 | D:1      | XOM: divination: detect items
   265 | D:1      | XOM: divination: magic mapping
   268 | D:1      | XOM: butterfly on damage
   269 | D:1      | XOM: polymorph butterfly -> gnoll
   686 | D:1      | XOM: smoke on damage
   690 | D:1      | Gained mutation: A weak demonic guardian rushes to your aid. [demonic ancestry]
   690 | D:1      | Reached XP level 2. HP: 16/24 MP: 2/2
  1146 | D:1      | XOM: give mutations
  1146 | D:1      | Gained mutation: You have a pair of small horns on your head. [Xom's grace]
  1146 | D:1      | Gained mutation: You are partially covered in large bone plates. (SH +4) [Xom's grace]
  1418 | D:1      | XOM: give mutation
  1418 | D:1      | Gained mutation: You have sharp toenails. [Xom's grace]
  1527 | D:2      | XOM: scenery: create altars
  1534 | D:2      | Gained mutation: You are partially covered in sharp spines. [demonic ancestry]
  1534 | D:2      | Reached XP level 3. HP: 12/29 MP: 3/3
  1583 | D:2      | XOM: harmless Erth miscast
  1795 | D:2      | Noticed Terence
  1802 | D:2      | Killed Terence
  1802 | D:2      | Reached XP level 4. HP: 27/35 MP: 4/4
  1971 | D:2      | You fall through a shaft!
  2452 | D:3      | XOM: summons 2 friendly demons
  2475 | D:3      | Slain by a gnoll

Skill      XL: |  1  2 |
---------------+-------+-----
Dodging        | 1 2 |  2.8
Polearms       | 3 |  3.9
Fighting       | |  3.0
Armour         | |  1.7

Action                   |  1- 3 |  4- 6 || total
-------------------------+-------+-------++-------
Melee: Spear             |    82 |    34 ||   116
       Kick              |     7 |     6 ||    13
       Headbutt          |     4 |     1 ||     5
  Use: Potion            |       |     3 ||     3
 Stab: Sleeping          |     2 |       ||     2
  Eat: Ration            |     1 |       ||     1
Armor: Leather armour    |    12 |     3 ||    15
Dodge: Dodged            |    19 |     7 ||    26
Block: Other             |     3 |     4 ||     7
